 Dungeon Crawl Stone Soup version 0.25.1-9-gc5326a611f (webtiles) character file.

Game seed: 12810270072442579826

1546 funkygono the Cudgeler (level 8, -3/64 HPs)
             Began as a Demonspawn Abyssal Knight on Jan 1, 2021.
             Was a Believer of Lugonu.
             Slain by an orc warrior
             ... wielding a +0 scimitar
              (20 damage)
             ... on level 7 of the Dungeon.
             The game lasted 00:12:04 (6765 turns).

funkygono the Cudgeler (Demonspawn Abyssal Knight)  Turns: 6765, Time: 00:12:05

Health: -3/64      AC: 13    Str: 15    XL:     8   Next: 57%
Magic:  10/10      EV:  5    Int: 14    God:    Lugonu [**....]
Gold:   290        SH:  0    Dex: 18    Spells: 7/7 levels left

rFire    . . .     SeeInvis +   a - +3 mace
rCold    . . .     Gourm    .   (no shield)
rNeg     . . .     Faith    .   q - +0 plate armour
rPois    .         Spirit   .   (helmet restricted)
rElec    .         Reflect  .   i - +0 cloak
rCorr    .         Harm     .   (no gloves)
MR       .....                  (no boots)
Stlth    ..........             (no amulet)
HPRegen  0.20/turn              o - ring of see invisible
MPRegen  0.12/turn              z - +6 ring of dexterity

@: no status effects
A: antennae 2, powered by death 2
a: Depart the Abyss, Bend Space, Renounce Religion


You were on level 7 of the Dungeon.
You worshipped Lugonu.
Lugonu was pleased with you.
You were not hungry.

You visited 1 branch of the dungeon, and saw 7 of its levels.
You visited the Abyss 1 time.

You collected 290 gold pieces.

Inventory:

Hand Weapons
 a - a +3 mace (weapon)
Missiles
 e - 196 stones (quivered)
 k - 45 bolts
Armour
 b - a +0 leather armour
 i - a +0 cloak (worn)
 q - a +0 plate armour (worn)
 x - +0 steam dragon scales
Magical Staves
 r - an uncursed staff of energy
Jewellery
 h - an uncursed ring of ice
 o - a ring of see invisible (left hand)
 z - a +6 ring of dexterity (right hand)
Wands
 p - a wand of polymorph (8)
Scrolls
 j - 4 scrolls of remove curse
 m - a scroll of fog
 n - 2 scrolls of teleportation
 y - a scroll of magic mapping
Potions
 d - 3 potions of flight
 f - a potion of curing
 g - 2 potions of cancellation
 l - a potion of magic {unknown}
 s - 2 potions of lignification
 t - a potion of heal wounds {unknown}
 u - 2 potions of mutation
 v - 2 potions of stabbing
 w - a potion of might {unknown}
 A - a potion of resistance {unknown}
Comestibles
 c - 13 rations
 B - 8 chunks of flesh


   Skills:
 + Level 5.9 Fighting
 + Level 6.6 Maces & Flails
 + Level 5.3 Armour
 + Level 2.1 Dodging
 + Level 3.2 Invocations


You had 7 spell levels left.
You didn't know any spells.
Your spell library contained the following spells:

 Spells                   Type           Power        Failure   Level  Hunger
 Confusing Touch          Hex            #.......     100%        3    ####...
 Gell's Gravitas          Tloc           #.........   100%        3    ####...
 Petrify                  Tmut/Erth      #.......     100%        4    #####..
 Metabolic Englaciation   Hex/Ice        #.........   100%        5    ######.
 Yara's Violent Unravell  Hex/Tmut       #.........   100%        5    ######.


Dungeon Overview and Level Annotations

Branches:
Dungeon (7/15)             Temple (0/1) D:5

Altars:
Ashenzari

Shops:
D:5 (

Annotations:
D:3 3 runed translucent doors, Akano's ghost, amateur FoFi


Innate Abilities, Weirdness & Mutations

You have a pair of antennae on your head.
You regenerate health from kills.


Message History

The orc warrior hits you with a +0 scimitar!!
You sock the orc warrior!
The orc warrior is heavily wounded.
The orc warrior hits you with a +0 scimitar!
You hit the orc warrior.
The orc warrior is heavily wounded.
The orc warrior hits you but does no damage.
Your plate armour prevents you from hitting the orc warrior.
The orc warrior is heavily wounded.
You hit the orc warrior.
The orc warrior is severely wounded.
The orc warrior hits you but does no damage.
You closely miss the orc warrior.
The orc warrior is severely wounded.
The orc warrior hits you with a +0 scimitar.
* * * LOW HITPOINT WARNING * * *
You hit the orc warrior but do no damage.
The orc warrior is heavily wounded.
The orc warrior hits you with a +0 scimitar!!
You die...

.. #.
##.## ...#
#..# #..#
#..###.###
#..@oo...#
##.#######
#.# #.#
#.# #.#
#.# #.#
#.#


You could see an orc warrior and an orc.

Vanquished Creatures
  Maggie (D:6)
  Duvessa (D:5)
  A black bear (D:6)
  An ogre (D:6)
  2 centaurs
  2 bullfrogs
  Dowan (D:5)
  A howler monkey (D:4)
  3 crimson imps (D:6)
  A bullfrog skeleton (D:5)
  4 orc priests
  8 orc wizards
  An iguana (D:6)
  2 hound skeletons (D:4)
  3 adders
  A shadow imp (D:6)
  A worm (D:4)
  A dart slug (D:1)
  5 leopard geckos
  13 orcs
  2 ball pythons
  4 bats
  2 giant cockroaches
  7 goblins
  10 hobgoblins
  2 jackals (D:6)
  2 kobolds
  3 quokkas
  A frilled lizard (D:1)
  A leopard gecko skeleton (D:6)
  9 rats
96 creatures vanquished.

Notes
Turn   | Place    | Note
-------+----------+-------------------------------------------
     0 | Abyss:1  | funkygono the Demonspawn Abyssal Knight began the quest for
                  | the Orb.
     0 | Abyss:1  | Reached XP level 1. HP: 18/18 MP: 2/2
    65 | Abyss:1  | Noticed a small abomination
    68 | Abyss:1  | Noticed an eye of draining
    70 | Abyss:1  | Noticed a large abomination
    72 | D:1      | Escaped the Abyss
   109 | D:1      | Reached * piety under Lugonu
   216 | D:1      | Gained mutation: You regenerate a little health from kills.
                  | [demonic ancestry]
   216 | D:1      | Reached XP level 2. HP: 19/24 MP: 3/3
   638 | D:1      | Reached skill level 1 in Dodging
   769 | D:1      | Reached skill level 2 in Maces & Flails
   769 | D:1      | Reached XP level 3. HP: 29/29 MP: 4/4
  1955 | D:3      | Reached ** piety under Lugonu
  2039 | D:3      | Found a runed translucent gate.
  2039 | D:3      | Found a runed translucent gate.
  2039 | D:3      | Found a runed translucent gate.
  2039 | D:3      | Noticed Akano's ghost (amateur FoFi)
  2366 | D:3      | Gained mutation: You have a pair of small antennae on your
                  | head. [demonic ancestry]
  2366 | D:3      | Reached XP level 4. HP: 37/37 MP: 5/5
  2829 | D:4      | Gained mutation: You have a pair of antennae on your head.
                  | [demonic ancestry]
  2829 | D:4      | Reached XP level 5. HP: 31/43 MP: 6/6
  2841 | D:4      | Reached skill level 3 in Maces & Flails
  3701 | D:5      | Entered Level 5 of the Dungeon
  3713 | D:5      | Reached XP level 6. HP: 37/49 MP: 7/7
  3860 | D:5      | Reached skill level 4 in Maces & Flails
  4119 | D:5      | Found a sand-covered staircase.
  4120 | D:5      | Noticed Duvessa
  4123 | D:5      | Noticed Dowan
  4145 | D:5      | Killed Duvessa
  4149 | D:5      | Killed Dowan
  4149 | D:5      | Reached skill level 5 in Fighting
  4149 | D:5      | Reached XP level 7. HP: 23/56 MP: 9/9
  4179 | D:5      | Found a shattered altar of Ashenzari.
  4492 | D:5      | Found a staircase to the Ecumenical Temple.
  4509 | D:5      | Found Seorusib's Antique Weapon Shoppe.
  4587 | D:5      | Reached skill level 5 in Maces & Flails
  4779 | D:6      | Noticed Maggie
  5133 | D:6      | Killed Maggie
  5332 | D:6      | Gained mutation: You regenerate health from kills. [demonic
                  | ancestry]
  5332 | D:6      | Reached XP level 8. HP: 19/63 MP: 10/10
  5632 | D:6      | Reached skill level 6 in Maces & Flails
  5632 | D:6      | Reached skill level 5 in Armour
  6765 | D:7      | Slain by an orc warrior

Illustrated notes

Levels and vault maps discovered:
D:1:      ncdulo_watergridlock, layout_rooms, minmay_misc_feat_columns
D:2:      layout_basic
D:3:      layout_loops_ring, gammafunk_ghost_split, first_ration, minivault_27
D:4:      layout_layer_cave
D:5:      layout_rooms, evilmike_ruin_ashenzari,
          minmay_temple_entry_enclosed_plants, nicolae_ossuary_entry_ruins,
          serial_shops, kennysheep_mini, uniq_duvessa
D:6:      layout_loops_cross, minmay_a_box_with_orc_wizards_in_it, uniq_maggie
D:7:      layout_basic

Skill      XL: |  1  2  3  4  5  6  7  8 |
---------------+-------------------------+-----
Armour         | 2 3 4 5 |  5.3
Dodging        | 1 2 |  2.1
Maces & Flails | 2 3 4 5 6 |  6.6
Fighting       | 4 5 |  5.9
Invocations    | 3 |  3.2

Action                   |  1- 3 |  4- 6 |  7- 9 || total
-------------------------+-------+-------+-------++-------
Melee: Mace              |   133 |   121 |   198 ||   452
Throw: Stone             |       |       |     1 ||     1
Invok: Depart the Abyss  |     1 |       |       ||     1
       Bend Space        |       |     1 |     3 ||     4
  Use: Scroll            |     7 |     9 |     4 ||    20
       Potion            |       |     1 |     4 ||     5
  Eat: Chunk             |     5 |     5 |     4 ||    14
       Ration            |       |       |     2 ||     2
Armor: Leather armour    |    47 |       |       ||    47
       Plate armour      |    18 |   125 |   152 ||   295
       Skin              |       |       |    19 ||    19
Dodge: Dodged            |    79 |    28 |    68 ||   175
